 Dungeon Crawl Stone Soup version 0.29.1-15-g9cfb28693d (webtiles) character file.

Game seed: 1677658333367514419

279 CatalinOSBI the Grave Robber (level 6, -1/48 HPs)
             Began as a Deep Elf Necromancer on Mar 29, 2023.
             Succumbed to their own poison gas
             ... on level 4 of the Dungeon.
             The game lasted 00:27:57 (5074 turns).

CatalinOSBI the Grave Robber (Deep Elf Necromancer) Turns: 5074, Time: 00:27:57

Health: -1/48      AC: 23    Str:  5    XL:     6   Next: 5%
Magic:  16/16      EV:  2    Int: 28    God:
Gold:   149        SH:  0    Dex: 15    Spells: 4/16 levels left

rFire   . . .      SeeInvis .   n - +1 dagger (flame)
rCold   . . .      Faith    .   (no shield)
rNeg    . . .      Spirit   .   (body armour currently unavailable)
rPois   +          Reflect  .   (helmet currently unavailable)
rElec   .          Harm     .   (cloak currently unavailable)
rCorr   .          Rampage  .   (gloves currently unavailable)
Will    +....      NoTele   +   (boots currently unavailable)
Stlth   +.........              (no amulet)
HPRegen 0.16/turn               m - ring of willpower
MPRegen 0.15/turn               v - +6 ring of intelligence

@: lethally poisoned (-1 -> -18), tree-form, silenced
A: stationary, stasis, torment immunity, boosted hp
a: no special abilities


You were on level 4 of the Dungeon.
You were a tree.
You visited 1 branch of the dungeon, and saw 4 of its levels.

You collected 209 gold pieces.
You spent 60 gold pieces at shops.

Inventory:

Hand Weapons
 c - a +0 dagger
 d - a +0 short sword
 n - a +1 dagger of flaming (weapon)
Armour
 a - a +0 robe
 e - a +0 chain mail
 g - a +0 ring mail
 p - a +1 leather armour (melded)
Magical Staves
 k - a staff of fire
Jewellery
 m - a ring of willpower (left branch)
 v - a +6 ring of intelligence (right branch)
Scrolls
 i - a scroll of amnesia
Potions
 b - a potion of magic
 h - a potion of ambrosia {unknown}
 o - a potion of resistance {unknown}
 s - a potion of flight {unknown}
 u - a potion of degeneration {unknown}


   Skills:
 + Level 2.2 Short Blades
 - Level 2.6 Dodging
 - Level 2.6 Stealth
 * Level 5.8 Spellcasting
 * Level 6.6 Necromancy


You had 4 spell levels left.
You knew the following spells:

 Your Spells              Type           Power      Damage    Failure   Level
a - Necrotise             Necr           100%       1d9       1%          1
b - Vampiric Draining     Necr           45%        2d9       1%          3
c - Dispel Undead         Necr           45%        3d17      4%          4
d - Animate Dead          Necr           45%        N/A       4%          4

Your spell library contained the following spells:

 Spells                   Type           Power      Damage    Failure   Level
 Static Discharge         Conj/Air       8%         3-4/arc   10%         2
 Sticky Flame             Conj/Fire      8%         2d3       52%         4
 Agony                    Necr           45%        N/A       11%         5


Dungeon Overview and Level Annotations

Branches:
Dungeon (4/15)
 Temple: D:4-7

Altars:
Ru

Shops:
D:3 !


Message History

There is a lethal amount of poison in your body!
There is a lethal amount of poison in your body!
There is a lethal amount of poison in your body!
There is a lethal amount of poison in your body!
There is a lethal amount of poison in your body!
There is a lethal amount of poison in your body!
There is a lethal amount of poison in your body!
There is a lethal amount of poison in your body!
There is a lethal amount of poison in your body!
There is a lethal amount of poison in your body!
There is a lethal amount of poison in your body!
There is a lethal amount of poison in your body!
There is a lethal amount of poison in your body!
There is a lethal amount of poison in your body!
There is a lethal amount of poison in your body!
There is a lethal amount of poison in your body!
There is a lethal amount of poison in your body!
There is a lethal amount of poison in your body!
There is a lethal amount of poison in your body!
There is a lethal amount of poison in your body!
There is a lethal amount of poison in your body!
There is a lethal amount of poison in your body!
There is a lethal amount of poison in your body!
There is a lethal amount of poison in your body!
You cannot move.
You cannot move.
You cannot move.
You cannot move.
You cannot move.
You cannot move.
You cannot move.
You cannot move.
You cannot move.
You cannot move.
You cannot move.
Read: scroll of silence
Press: ? - help, Q - select action, (/) - cycle Dir - look around, f - activate
As you read the scroll of silence, it crumbles to dust.
A profound silence engulfs you.
You die...

###..# #.......# ##.##
###..####.#.....# #§§.#
.....(..........###☼..###
.........#.##.#.#§§§....#
#.#..###...##.#.#§§.....#
#.#..# ##.###.#.#§§.....#
#.#..## #.# #.#>#§#...###
....#.###.###.#§#§#...#
#..###......#.#☼♣.#####
#.#.#.......#.##§Z#
#.#...........##§§#
............####.§#
..###..........§§§#
)......##.######§##
..........# #§#
#####.##### #§#
####...#########.#


You could see a friendly scorpion zombie.

Vanquished Creatures
  A scorpion (D:4)
  A jelly (D:4)
  An orc priest (D:3)
  Terence (D:2)
  5 adders
  4 worms
  A dart slug (D:1)
  2 orcs (D:3)
  8 ball pythons
  11 bats
  3 endoplasms
  A giant cockroach (D:1)
  6 goblins
  5 hobgoblins
  4 jackals
  4 kobolds
  3 quokkas
  5 frilled lizards
  5 rats
71 creatures vanquished.

Vanquished Creatures (collateral kills)
  A hobgoblin (D:3)
  A jackal (D:1)
  A frilled lizard (D:1)
  A rat (D:2)
4 creatures vanquished.

Vanquished Creatures (others)
  6 plants (D:4)
6 creatures vanquished.

Grand Total: 81 creatures vanquished

Notes
Turn   | Place    | Note
-------+----------+-------------------------------------------
     0 | D:1      | CatalinOSBI the Deep Elf Necromancer began the quest for
                  | the Orb.
     0 | D:1      | Reached XP level 1. HP: 10/10 MP: 6/6
   450 | D:1      | Reached skill level 5 in Necromancy
   450 | D:1      | Reached XP level 2. HP: 15/15 MP: 6/8
  1496 | D:2      | Found a faded altar of an unknown god.
  1587 | D:2      | Noticed Terence
  1600 | D:2      | Killed Terence
  1601 | D:2      | Reached skill level 1 in Short Blades
  1601 | D:2      | Reached XP level 3. HP: 7/19 MP: 2/10
  1790 | D:2      | Learned a level 3 spell: Vampiric Draining
  2281 | D:2      | Reached XP level 4. HP: 24/24 MP: 6/12
  3123 | D:3      | Found Galohue's Distillery.
  3132 | D:3      | Bought a potion of heal wounds for 60 gold pieces
  3138 | D:3      | Found a sacrificial altar of Ru.
  3315 | D:3      | Reached skill level 6 in Necromancy
  3409 | D:3      | Reached skill level 5 in Spellcasting
  3409 | D:3      | Reached XP level 5. HP: 28/28 MP: 9/14
  3593 | D:3      | Learned a level 4 spell: Dispel Undead
  4792 | D:4      | Learned a level 4 spell: Animate Dead
  4796 | D:4      | Reached XP level 6. HP: 32/32 MP: 2/16
  5073 | D:4      | HP: 1/48 [poisoned by you (poison gas)]
  5074 | D:4      | Succumbed to their own poison gas

Illustrated notes

Levels and vault maps discovered:
D:1:      zelgadis_glass_arrival_small, layout_loops_corners
D:2:      layout_basic, shapermc_ecumenical_altar_gd, kennysheep_generic_room_7,
          uniq_terence
D:3:      layout_loops_ring, amcnicky_altar_gilded, serial_shops, shop
D:4:      layout_loops_ring, serial_bayou_pond_a, roderic_batcave,
          chequers_serial_rivers_marsh

Skill      XL: |  1  2  3  4  5 |
---------------+----------------+-----
Necromancy     | 5 6 |  6.6
Short Blades   | 1 2 |  2.2
Spellcasting   | 4 5 |  5.8
Dodging        | |  2.6
Stealth        | |  2.6

Action                   |  1- 3 |  4- 6 || total
-------------------------+-------+-------++-------
Melee: Dagger            |    35 |    56 ||    91
       Short sword       |    19 |    31 ||    50
 Cast: Necrotise         |    31 |    54 ||    85
       Vampiric Draining |     1 |     5 ||     6
       Animate Dead      |       |     1 ||     1
  Use: Potion            |     4 |     4 ||     8
       Scroll            |     3 |    10 ||    13
 Stab: Sleeping          |     1 |     1 ||     2
Armor: Robe              |     8 |       ||     8
       Chain mail        |    19 |       ||    19
       Skin              |       |    34 ||    34
       Ring mail         |       |     8 ||     8
       Leather armour    |       |    34 ||    34
Dodge: Dodged            |    32 |    61 ||    93
